 Dungeon Crawl Stone Soup version 0.31-a0-1-g4198be8af4 (webtiles) character file.

Game seed: 11343821172403376957

140 cforsyth the Sneak (level 5, -10/28 HPs)
             Began as a Vampire Enchanter on May 1, 2023.
             Killed by an exploding phantom (36 damage)
             ... ignited by their inner flame
             ... on level 3 of the Dungeon.
             The game lasted 00:07:47 (2457 turns).

cforsyth the Sneak (Vampire Enchanter)              Turns: 2457, Time: 00:07:47

Health: -10/28     AC:  5    Str:  7    XL:     5   Next: 2%
Magic:  9/9        EV: 13    Int: 20    God:
Gold:   176        SH:  0    Dex: 14    Spells: 7/9 levels left

rFire   . . .        a - +1 dagger
rCold   + + .        (no shield)
rNeg    + + +        b - +0 robe
rPois   ∞            (no helmet)
rElec   .            p - +2 cloak {Stlth+}
rCorr   +            (no gloves)
SInv    +            (no boots)
Will    .....        (no amulet)
Stlth   ++++++       k - ring of resist corrosion
HPRegen 0.00/turn    (no ring)
MPRegen 0.11/turn

%: no passive effects
@: about to teleport, bloodless, inhibited regen
A: bloodless, fangs 3, see invisible, vampiric 2
a: Bat Form, Revivify


You were on level 3 of the Dungeon.
You visited 1 branch of the dungeon, and saw 3 of its levels.

You collected 176 gold pieces.

Inventory:

Hand Weapons
 a - a +1 dagger (weapon)
Armour
 b - a +0 robe (worn)
 p - a +2 cloak of stealth (worn)
Jewellery
 k - a ring of resist corrosion (left hand)
Wands
 l - a wand of roots (3)
Scrolls
 e - 4 scrolls of teleportation
 g - a scroll of acquirement
 h - a scroll of silence
Potions
 c - 2 potions of invisibility
 d - a potion of heal wounds
 f - 2 potions of lignification {unknown}
 i - 2 potions of curing {unknown}
 j - 2 potions of might {unknown}
 n - a potion of berserk rage {unknown}
 o - a potion of resistance {unknown}


   Skills:
 + Level 2.4 Short Blades
 + Level 3.2 Dodging
 + Level 5.5 Stealth
 + Level 2.7 Spellcasting
 + Level 5.4 Hexes


You had 7 spell levels left.
You knew the following spells:

 Your Spells              Type           Power      Damage    Failure   Level
a - Ensorcelled Hibernat  Hex/Ice        26%        N/A       8%          2

Your spell library contained the following spells:

 Spells                   Type           Power      Damage    Failure   Level
 Confusing Touch          Hex            24%        N/A       4%          3
 Tukima's Dance           Hex            24%        N/A       4%          3
 Dazzling Flash           Conj/Hex       26%        N/A       14%         3


Dungeon Overview and Level Annotations

Branches:
Dungeon (3/15)

Altars:
Okawaru


Innate Abilities, Weirdness & Mutations

You do not regenerate when monsters are visible.
You are frail without blood (-20% HP).
You can heal yourself when you bite living creatures.
You are immune to poison.
You have razor-sharp teeth.
You have supernaturally acute eyesight. (SInv)
You are afflicted with vampirism and can become a bat while bloodless.


Message History

You become bloodless.
The phantom attacks as you move away! The phantom hits you.
* * * LOW HITPOINT WARNING * * *
An orc comes into view. It is wielding a +0 flail.
As you read the scroll labelled JANUIC KOAPIBA, it crumbles to dust.
The creatures around you are filled with an inner flame!
It was a scroll of immolation.
The phantom hits you but does no damage.
As you read the scroll labelled UHUCUSCHEONAY, it crumbles to dust.
You feel aware of your surroundings.
It was a scroll of magic mapping.
The phantom hits you.
* * * LOW HITPOINT WARNING * * *
As you read the scroll labelled IWKIC JOGU, it crumbles to dust.
It is a scroll of identify.
h - a scroll of silence The phantom closely misses you.
This is a scroll of acquirement!
Unknown command.
As you read the scroll labelled JIDYCE BAPPA, it crumbles to dust.
You feel strangely unstable.
It was a scroll of teleportation.
The phantom hits you.
* * * LOW HITPOINT WARNING * * *
It was a potion of heal wounds.
You feel much better. The phantom completely misses you.
You hit the phantom but do no damage.
The phantom is lightly damaged.
The phantom closely misses you.
You hit the phantom.
Flame seeps out of the phantom.
Your punch misses the phantom.
The phantom is lightly damaged.
The phantom is engulfed in blazing flames.
Flame seeps out of the phantom.
The phantom hits you but does no damage.
You barely miss the phantom. Your bite misses the phantom.
The phantom is severely damaged.
The phantom is engulfed in blazing flames.
The phantom explodes!
The fiery explosion engulfs you!!!
Ouch! That really hurt!
You die...

...##...##..###...##.# #.#.
...#.....##'##.....#.# #.#.
...#..#.........#..#.# #.+.
##.#.....#####.....#.# ####
##.##...#*,,,##...##.#
#..###§#*,,,,,##.###.# #.##
#.#,,,,,,,#§#...# #.#
#.#,,,,,,,#○###.# #.#
#.#,,,,,,,#@# #.#
#.##*#.#*,,,,,*#.#*#.######
...#*...**,,,**...*#......#
#.##,...,**'**.....#.####.#######
#.##,.#.,,,,,...#o.#.# #........
#..#g.,.r***##g.,..#.# #.#######
####*,,,** ##.,.##.# #.# #.
###############..####.# #.
#.#...................# #.


You could see an orc (inner flame) and a hobgoblin (inner flame, asleep).

Vanquished Creatures
  A phantom (D:3)
  Crazy Yiuf (D:3)
  4 adders (D:2)
  3 worms (D:2)
  3 dart slugs
  10 ball pythons
  9 endoplasms
  4 goblins
  7 hobgoblins
  4 quokkas
  4 bats
  6 frilled lizards
  5 kobolds
  A rat (D:3)
62 creatures vanquished.

Vanquished Creatures (others)
  A plant (D:1)
1 creature vanquished.

Grand Total: 63 creatures vanquished

Notes
Turn   | Place    | Note
-------+----------+-------------------------------------------
     0 | D:1      | cforsyth the Vampire Enchanter began the quest for the Orb.
     0 | D:1      | Reached XP level 1. HP: 13/13 MP: 3/3
   177 | D:1      | Reached XP level 2. HP: 15/19 MP: 5/5
   180 | D:1      | Learned a level 2 spell: Ensorcelled Hibernation
   581 | D:2      | Gained mutation: You are afflicted with vampirism and can
                  | become a bat while bloodless. [Vampire growth]
   581 | D:2      | Reached XP level 3. HP: 24/24 MP: 6/6
   650 | D:2      | Reached skill level 5 in Stealth
   764 | D:2      | Reached skill level 5 in Hexes
   880 | D:2      | Found a faded altar of an unknown god.
  1081 | D:1      | Reached XP level 4. HP: 30/30 MP: 4/7
  1423 | D:3      | Noticed a phantom
  1723 | D:3      | Found an iron altar of Okawaru.
  2121 | D:3      | Found a runed translucent door.
  2122 | D:3      | Noticed Crazy Yiuf
  2129 | D:3      | Killed Crazy Yiuf
  2192 | D:3      | Reached XP level 5. HP: 35/35 MP: 9/9
  2453 | D:3      | Identified a scroll of acquirement
  2457 | D:3      | Killed a phantom
  2457 | D:3      | Killed by an exploding phantom... ignited by their inner
                  | flame

Illustrated notes

Levels and vault maps discovered:
D:1:      tarquinn_simple_flora_water_a, layout_basic, minmay_split_cup_small
D:2:      layout_rooms, shapermc_ecumenical_altar_starsandcircs
D:3:      minmay_octagon_keep, layout_loops_ring,
          mainiacjoe_overflow_six_doors_small, chequers_serial_rivers_large_b,
          minmay_circle_x, uniq_crazy_yiuf_cottage

Skill      XL: |  1  2  3  4 |
---------------+-------------+-----
Stealth        | 5 |  5.5
Short Blades   | 2 |  2.4
Hexes          | 5 |  5.4
Dodging        | 3 |  3.2
Spellcasting   | |  2.7

Action                     |  1- 3 |  4- 6 || total
---------------------------+-------+-------++-------
  Melee: Dagger            |   104 |    89 ||   193
         Bite              |     9 |     9 ||    18
         Punch             |     1 |     2 ||     3
   Cast: Ensorcelled Hiber |     9 |    14 ||    23
Ability: Exsanguinate      |       |     1 ||     1
    Use: Scroll            |       |     4 ||     4
         Potion            |       |     1 ||     1
   Stab: Sleeping          |    11 |    18 ||    29
 Armour: Robe              |     9 |     9 ||    18
  Dodge: Dodged            |    68 |    57 ||   125

Table legend: (Time is in decaauts)
 A = Elapsed time spent in this place.
 B = Non-inter-level travel time spent in this place.
 C = Inter-level travel time spent in this place.
 D = Time resting spent in this place.
 E = Time spent auto-exploring this place.
 F = Levels seen in this place.
 G = Mean time per level.
                   A        B        C        D        E       F      G
               +--------+--------+--------+--------+--------+-----+--------+
         Total |   2490 |   2442 |     48 |    182 |   1577 |   3 |  830.0 |
       Dungeon |   2490 |   2442 |     48 |    182 |   1577 |   3 |  830.0 |
               +--------+--------+--------+--------+--------+-----+--------+

Top non-repeatable levels by time:
     D:2: 912 daAuts
     D:3: 903 daAuts
     D:1: 674 daAuts
